Map: Ruins of Endion

Players

Scarlett

  • Race: Zerg Zerg
  • League: Grandmaster

Neeb - Winner!

  • Race: Protoss Protoss
  • League: Grandmaster

Event: Team Gravity's Fight Night #40

VOD

Have the link to the VOD?

Description

Time

  • Played on: April 10, 2016, 9:25 p.m.
  • Length: 13:07

All games in this series

Show
View Real Time Build Order
Export as new Build Order

Scarlett Zerg 

Build Orders: Hatch First, Lurkers 

Get SALT Encoding   

  12  0:00  Drone  
  13  0:08  Drone  
  14  0:17  Overlord  
  14  0:22  Extractor  
  14  0:23  Drone  
  15  0:35  Drone x2  
  17  0:52  Hatchery  
  17  0:55  Drone  
  17  0:58  Drone  
  18  1:07  Extractor  
  17  1:13  Spawning Pool  
  17  1:16  Drone  
  17  1:20  Drone  
  18  1:34  Drone  
  18  1:39  Drone  
  20  1:50  Hatchery  
  20  1:51  Drone  
  20  2:03  Drone  
  20  2:08  Metabolic Boost  
  21  2:09  Queen  
  21  2:14  Drone  
  24  2:19  Drone  
  24  2:21  Overlord  
  25  2:25  Zergling x2  
  25  2:27  Drone  
  27  2:32  Drone  
  28  2:39  Queen  
  28  2:40  Zergling x2  
  28  2:42  Zergling x2  
  32  2:47  Queen  
  34  2:52  Overlord  
  34  2:57  Drone  
  34  2:58  Drone  
  36  3:08  Drone x2  
  36  3:12  Zergling x2  
  39  3:15  Zergling x4  
  41  3:20  Overlord, Drone x2  
  41  3:23  Queen  
  45  3:31  Overlord  
  45  3:32  Drone x2  
  47  3:44  Overlord  
  47  3:45  Drone x3  
  50  3:49  Overlord, Drone  
  51  3:59  Drone x8  
  58  4:08  Drone x2  
  60  4:11  Lair  
  60  4:14  Overlord  
  60  4:20  Overlord, Drone  
  60  4:24  Spore Crawler  
  60  4:27  Extractor  
  60  4:28  Spore Crawler, Queen  
  60  4:29  Spore Crawler  
  58  4:37  Zergling x8  
  62  4:41  Zergling x10  
  67  4:48  Drone x2  
  67  4:50  Drone x3  
  72  5:01  Drone x5  
  77  5:13  Zergling x2  
  77  5:14  Zergling x16  
  81  5:23  Extractor, Hydralisk Den  
  81  5:24  Extractor  
  81  5:25  Baneling Nest  
  73  5:36  Drone x8  
  80  5:44  Evolution Chamber  
  80  5:47  Drone x2  
  82  5:50  Drone x5  
  82  5:53  Muscular Augments  
  85  6:02  Queen  
  86  6:04  Extractor  
  86  6:06  Extractor, Drone x4  
  86  6:11  Zerg Missile Weapons Level 1  
  86  6:16  Overlord  
  86  6:18  Overlord  
  80  6:27  Drone  
  80  6:28  Drone x5  
  75  6:34  Drone  
  75  6:35  Drone  
  75  6:37  Centrifical Hooks  
  75  6:39  Drone  
  78  6:43  Hydralisk  
  78  6:44  Hydralisk x6  
  92  6:52  Hydralisk x2  
  96  6:58  Drone  
  97  7:02  Drone x2  
  99  7:11  Hydralisk x4  
  104  7:20  Drone x3  
  105  7:24  Overlord x4  
  105  7:35  Overlord x4  
  105  7:40  Overlord x2  
  105  7:42  Hydralisk  
  105  7:43  Hydralisk x8  
  123  7:50  Hatchery  
  122  7:53  Zergling x4  
  122  7:57  Lurker Den  
  124  8:01  Zergling x2  
  125  8:06  Zergling x10, Hatchery  
  127  8:15  Zergling x12  
  127  8:16  Zergling x2  
  134  8:20  Zergling x2  
  134  8:24  Baneling x5  
  134  8:26  Baneling x2  
  135  8:27  Zergling x4  
  135  8:29  Zerg Melee Weapons Level 1  
  135  8:31  Baneling x8  
  135  8:32  Zergling x2  
  135  8:33  Zergling x10  
  120  8:43  Hydralisk x7  
  118  8:52  Hydralisk  
  118  8:53  Hydralisk  
  112  9:02  Drone x6  
  118  9:06  Hydralisk  
  118  9:07  Hydralisk x2  
  124  9:12  Drone x4  
  124  9:14  Spore Crawler  
  124  9:16  Infestation Pit  
  125  9:25  Drone  
  125  9:26  Drone x8  
  125  9:29  Extractor  
  128  9:32  Extractor  
  128  9:35  Hydralisk x3  
  133  9:43  Drone x3  
  134  9:46  Zergling x10  
  139  9:52  Hive  
  139  9:56  Spire  
  139  9:57  Lurker x2  
  139  9:58  Lurker  
  139  9:59  Lurker  
  142  10:01  Overseer  
  142  10:04  Lurker  
  142  10:05  Lurker  
  142  10:06  Zergling x2, Hydralisk  
  129  10:28  Hydralisk  
  129  10:29  Zergling x2, Hydralisk x7  
  129  10:30  Zergling x12  
  132  10:46  Extractor  
  132  10:48  Hydralisk x8  
  147  10:50  Drone x2  
  147  10:51  Drone  
  150  10:59  Drone x4  
  150  11:00  Drone x4  
  157  11:11  Lurker  
  157  11:12  Lurker x3  
  157  11:15  Greater Spire  
  161  11:24  Zergling x2  
  161  11:25  Zergling x34  
  179  11:39  Corruptor x3  
  181  11:41  Zergling x8  
  181  11:42  Zergling x2  
  190  11:57  Overlord x2  
  190  12:09  Overseer x2  
  142  12:24  Corruptor x3  
  129  12:32  Lurker x3  
  129  12:33  Zergling x14  
  129  12:34  Zergling x16  
  127  12:46  Zergling x10  
Show
View Real Time Build Order
Export as new Build Order

Neeb Protoss - Winner!

Build Orders: 1 Gate Expand, Phoenix Opening 

Get SALT Encoding   

  12  0:00  Probe (Chrono Boost)  
  13  0:11  Probe (Chrono Boost)  
  14  0:19  Pylon  
  14  0:21  Probe (Chrono Boost)  
  15  0:37  Probe (Chrono Boost)  
  15  0:38  Gateway  
  16  0:48  Probe (Chrono Boost)  
  17  0:58  Probe (Chrono Boost)  
  17  0:59  Assimilator  
  18  1:09  Probe (Chrono Boost)  
  19  1:19  Nexus  
  19  1:22  Probe (Chrono Boost)  
  20  1:31  Cybernetics Core  
  20  1:35  Probe (Chrono Boost)  
  21  1:44  Assimilator  
  21  1:45  Probe (Chrono Boost)  
  22  1:49  Pylon  
  22  1:56  Probe (Chrono Boost)  
  23  2:07  Probe (Chrono Boost)  
  23  2:08  Warp Gate (Chrono Boost), Adept (Chrono Boost)  
  26  2:19  Probe  
  27  2:31  Probe x2 (Chrono Boost)  
  27  2:32  Stalker  
  31  2:41  Probe (Chrono Boost)  
  31  2:42  Probe (Chrono Boost)  
  33  2:45  Stargate  
  33  2:52  Probe x2 (Chrono Boost)  
  35  3:02  Probe (Chrono Boost)  
  35  3:03  Probe (Chrono Boost)  
  35  3:04  Gateway  
  35  3:13  Probe x2 (Chrono Boost), Gateway  
  35  3:16  Pylon  
  37  3:24  Probe x2 (Chrono Boost)  
  39  3:33  Phoenix (Chrono Boost), Probe (Chrono Boost)  
  41  3:34  Probe  
  41  3:40  Pylon  
  43  3:43  Probe  
  43  3:46  Probe  
  45  3:52  Phoenix (Chrono Boost)  
  47  3:55  Probe  
  47  3:58  Probe  
  47  3:59  Pylon  
  47  4:00  Pylon  
  47  4:01  Assimilator  
  49  4:07  Probe  
  48  4:10  Adept x2, Probe  
  48  4:11  Adept  
  48  4:13  Phoenix  
  55  4:20  Probe  
  55  4:22  Probe  
  59  4:31  Assimilator  
  59  4:32  Probe  
  59  4:34  Probe  
  59  4:35  Phoenix, Adept  
  59  4:36  Adept x2  
  59  4:38  Pylon  
  67  4:45  Probe (Chrono Boost)  
  70  4:52  Nexus  
  70  4:56  Pylon  
  70  4:57  Probe (Chrono Boost)  
  70  4:58  Probe (Chrono Boost)  
  72  5:00  Phoenix  
  72  5:02  Sentry  
  76  5:10  Probe (Chrono Boost)  
  76  5:13  Probe (Chrono Boost)  
  78  5:15  Zealot x2  
  72  5:22  Probe (Chrono Boost)  
  72  5:23  Phoenix, Probe (Chrono Boost)  
  72  5:25  Robotics Facility  
  75  5:30  Robotics Facility  
  75  5:31  Pylon  
  75  5:32  Zealot  
  75  5:34  Probe (Chrono Boost)  
  78  5:38  Probe (Chrono Boost)  
  78  5:41  Pylon  
  79  5:50  Zealot x2  
  79  5:52  Zealot, Mothership Core (Chrono Boost)  
  85  5:58  Forge  
  85  6:03  Phoenix, Probe (Chrono Boost)  
  89  6:12  Probe (Chrono Boost)  
  89  6:13  Zealot x2  
  93  6:23  Pylon  
  93  6:29  Probe (Chrono Boost)  
  93  6:30  Observer  
  93  6:31  Probe (Chrono Boost)  
  94  6:40  Nexus  
  94  6:42  Pylon  
  94  6:43  Protoss Ground Weapons Level 1 (Chrono Boost)  
  94  6:45  Pylon, Immortal  
  100  6:48  Probe  
  100  6:49  Probe  
  100  6:50  Twilight Council  
  102  6:55  Pylon, Immortal  
  102  6:59  Sentry  
  102  7:01  Probe x2  
  108  7:05  Sentry  
  108  7:06  Sentry, Assimilator  
  112  7:09  Assimilator  
  112  7:13  Probe x2  
  112  7:24  Gateway  
  112  7:25  Probe, Gateway  
  112  7:26  Sentry  
  112  7:28  Gateway  
  115  7:31  Immortal  
  115  7:32  Immortal  
  123  7:39  Sentry  
  123  7:43  Pylon  
  125  7:45  Charge  
  125  8:02  Pylon  
  125  8:04  Pylon  
  125  8:06  Immortal  
  125  8:11  Immortal  
  133  8:24  Stalker x3  
  139  8:29  Stalker x2  
  143  8:40  Immortal  
  139  8:41  Nexus  
  127  8:52  Immortal  
  127  8:55  Pylon  
  123  8:56  Probe x2  
  123  8:57  Sentry  
  123  8:58  Sentry x2, Zealot  
  123  8:59  Assimilator  
  133  9:04  Assimilator  
  133  9:06  Protoss Ground Weapons Level 2 (Chrono Boost)  
  133  9:11  Probe x2  
  135  9:18  Immortal  
  135  9:20  Pylon  
  139  9:30  Sentry  
  141  9:31  Zealot x5  
  141  9:37  Templar Archives  
  151  9:41  Gateway  
  151  9:46  Gateway  
  151  9:47  Pylon  
  151  9:52  Immortal x2  
  159  10:06  Stalker x4  
  167  10:12  Oracle  
  154  10:31  Immortal  
  154  10:33  Immortal (Chrono Boost)  
  152  10:42  High Templar x4  
  142  10:43  Zealot x2  
  142  10:46  Psionic Storm  
  142  10:48  Oracle  
  153  11:06  High Templar  
  153  11:07  High Templar, Zealot x2  
  153  11:10  Nexus, Immortal (Chrono Boost)  
  165  11:11  Pylon  
  165  11:17  Photon Cannon  
  165  11:19  Zealot x3  
  171  11:27  Oracle  
  174  11:32  High Templar  
  174  11:33  Zealot x2  
  174  11:38  Assimilator  
  174  11:39  Assimilator  
  180  11:43  Immortal (Chrono Boost)  
  184  11:49  High Templar x2, Zealot x3  
  194  11:59  High Templar  
  194  12:00  Zealot  
  198  12:03  Archon  
  176  12:23  Oracle  
  169  12:36  Zealot x8  
  185  12:44  Archon  
  171  12:54  Stargate  
  171  12:58  Fleet Beacon  
  171  13:02  Stargate  

Tags
 
Add a new tag
Caveats
  • Supply blocks, unpowered buildings, or Contaminate may cause inaccurate times.
  • Supply counts are checked every 10 seconds.